Workbook

Sheet Invoice
A1: Business name | B1: Business address | C1: Business email | D1: Business phone | E1: Bill to | F1: Client address | G1: Client email | H1: Invoice number | I1: Invoice date | J1: Due date | K1: Payment terms | L1: Description | M1: Quantity | N1: Rate | O1: Amount | P1: Subtotal | Q1: Sales tax rate | R1: Sales tax | S1: Total due | T1: Payment instructions
A2: Sample Business Name | B2: 100 Sample Street, Anytown, ST 00000 | C2: billing@example.com | D2: 555-0100 | E2: Sample Client Name | F2: 200 Sample Avenue, Anytown, ST 00000 | G2: client@example.com | H2: INV-0001 | I2: 46328 | J2: 46358 | K2: Net 30 | L2: Website copywriting (sample) | M2: 4 | N2: 85 | O2: =IF(OR(M2="",N2=""),"",ROUND(M2*N2,2)) | P2: =SUM(O2:O11) | Q2: 0.05 | R2: =ROUND(P2*Q2,2) | S2: =P2+R2 | T2: Pay by bank transfer or card link (sample)
L3: Logo design revision (sample) | M3: 2 | N3: 60 | O3: =IF(OR(M3="",N3=""),"",ROUND(M3*N3,2))
L4: Project management (sample) | M4: 3 | N4: 45 | O4: =IF(OR(M4="",N4=""),"",ROUND(M4*N4,2))
O5: =IF(OR(M5="",N5=""),"",ROUND(M5*N5,2))
O6: =IF(OR(M6="",N6=""),"",ROUND(M6*N6,2))
O7: =IF(OR(M7="",N7=""),"",ROUND(M7*N7,2))
O8: =IF(OR(M8="",N8=""),"",ROUND(M8*N8,2))
O9: =IF(OR(M9="",N9=""),"",ROUND(M9*N9,2))
O10: =IF(OR(M10="",N10=""),"",ROUND(M10*N10,2))
O11: =IF(OR(M11="",N11=""),"",ROUND(M11*N11,2))

Sheet Print view
A1: Invoice | B1: Details | C1: Quantity | D1: Rate | E1: Amount
A2: Business name | B2: =IFERROR(IF(INDEX(Invoice!$A$2:$T$2,MATCH(A2,Invoice!$A$1:$T$1,0))="","",INDEX(Invoice!$A$2:$T$2,MATCH(A2,Invoice!$A$1:$T$1,0))),"")
A3: Business address | B3: =IFERROR(IF(INDEX(Invoice!$A$2:$T$2,MATCH(A3,Invoice!$A$1:$T$1,0))="","",INDEX(Invoice!$A$2:$T$2,MATCH(A3,Invoice!$A$1:$T$1,0))),"")
A4: Business email | B4: =IFERROR(IF(INDEX(Invoice!$A$2:$T$2,MATCH(A4,Invoice!$A$1:$T$1,0))="","",INDEX(Invoice!$A$2:$T$2,MATCH(A4,Invoice!$A$1:$T$1,0))),"")
A5: Business phone | B5: =IFERROR(IF(INDEX(Invoice!$A$2:$T$2,MATCH(A5,Invoice!$A$1:$T$1,0))="","",INDEX(Invoice!$A$2:$T$2,MATCH(A5,Invoice!$A$1:$T$1,0))),"")
A6: Bill to | B6: =IFERROR(IF(INDEX(Invoice!$A$2:$T$2,MATCH(A6,Invoice!$A$1:$T$1,0))="","",INDEX(Invoice!$A$2:$T$2,MATCH(A6,Invoice!$A$1:$T$1,0))),"")
A7: Client address | B7: =IFERROR(IF(INDEX(Invoice!$A$2:$T$2,MATCH(A7,Invoice!$A$1:$T$1,0))="","",INDEX(Invoice!$A$2:$T$2,MATCH(A7,Invoice!$A$1:$T$1,0))),"")
A8: Client email | B8: =IFERROR(IF(INDEX(Invoice!$A$2:$T$2,MATCH(A8,Invoice!$A$1:$T$1,0))="","",INDEX(Invoice!$A$2:$T$2,MATCH(A8,Invoice!$A$1:$T$1,0))),"")
A9: Invoice number | B9: =IFERROR(IF(INDEX(Invoice!$A$2:$T$2,MATCH(A9,Invoice!$A$1:$T$1,0))="","",INDEX(Invoice!$A$2:$T$2,MATCH(A9,Invoice!$A$1:$T$1,0))),"")
A10: Invoice date | B10: =IFERROR(IF(INDEX(Invoice!$A$2:$T$2,MATCH(A10,Invoice!$A$1:$T$1,0))="","",INDEX(Invoice!$A$2:$T$2,MATCH(A10,Invoice!$A$1:$T$1,0))),"")
A11: Due date | B11: =IFERROR(IF(INDEX(Invoice!$A$2:$T$2,MATCH(A11,Invoice!$A$1:$T$1,0))="","",INDEX(Invoice!$A$2:$T$2,MATCH(A11,Invoice!$A$1:$T$1,0))),"")
A12: Payment terms | B12: =IFERROR(IF(INDEX(Invoice!$A$2:$T$2,MATCH(A12,Invoice!$A$1:$T$1,0))="","",INDEX(Invoice!$A$2:$T$2,MATCH(A12,Invoice!$A$1:$T$1,0))),"")
A13: Payment instructions | B13: =IFERROR(IF(INDEX(Invoice!$A$2:$T$2,MATCH(A13,Invoice!$A$1:$T$1,0))="","",INDEX(Invoice!$A$2:$T$2,MATCH(A13,Invoice!$A$1:$T$1,0))),"")
A15: Description | C15: Quantity | D15: Rate | E15: Amount
A16: =IF(INDEX(Invoice!$L$2:$L$11,16-15)="","",INDEX(Invoice!$L$2:$L$11,16-15)) | C16: =IF(INDEX(Invoice!$M$2:$M$11,16-15)="","",INDEX(Invoice!$M$2:$M$11,16-15)) | D16: =IF(INDEX(Invoice!$N$2:$N$11,16-15)="","",INDEX(Invoice!$N$2:$N$11,16-15)) | E16: =IF(16<=25,IF(INDEX(Invoice!$O$2:$O$11,16-15)="","",INDEX(Invoice!$O$2:$O$11,16-15)),IF(D16="","",IF(D16="Sales tax rate",TEXT(Invoice!$Q$2,"0.00%"),INDEX(Invoice!$A$2:$T$2,MATCH(D16,Invoice!$A$1:$T$1,0)))))
A17: =IF(INDEX(Invoice!$L$2:$L$11,17-15)="","",INDEX(Invoice!$L$2:$L$11,17-15)) | C17: =IF(INDEX(Invoice!$M$2:$M$11,17-15)="","",INDEX(Invoice!$M$2:$M$11,17-15)) | D17: =IF(INDEX(Invoice!$N$2:$N$11,17-15)="","",INDEX(Invoice!$N$2:$N$11,17-15)) | E17: =IF(17<=25,IF(INDEX(Invoice!$O$2:$O$11,17-15)="","",INDEX(Invoice!$O$2:$O$11,17-15)),IF(D17="","",IF(D17="Sales tax rate",TEXT(Invoice!$Q$2,"0.00%"),INDEX(Invoice!$A$2:$T$2,MATCH(D17,Invoice!$A$1:$T$1,0)))))
A18: =IF(INDEX(Invoice!$L$2:$L$11,18-15)="","",INDEX(Invoice!$L$2:$L$11,18-15)) | C18: =IF(INDEX(Invoice!$M$2:$M$11,18-15)="","",INDEX(Invoice!$M$2:$M$11,18-15)) | D18: =IF(INDEX(Invoice!$N$2:$N$11,18-15)="","",INDEX(Invoice!$N$2:$N$11,18-15)) | E18: =IF(18<=25,IF(INDEX(Invoice!$O$2:$O$11,18-15)="","",INDEX(Invoice!$O$2:$O$11,18-15)),IF(D18="","",IF(D18="Sales tax rate",TEXT(Invoice!$Q$2,"0.00%"),INDEX(Invoice!$A$2:$T$2,MATCH(D18,Invoice!$A$1:$T$1,0)))))
A19: =IF(INDEX(Invoice!$L$2:$L$11,19-15)="","",INDEX(Invoice!$L$2:$L$11,19-15)) | C19: =IF(INDEX(Invoice!$M$2:$M$11,19-15)="","",INDEX(Invoice!$M$2:$M$11,19-15)) | D19: =IF(INDEX(Invoice!$N$2:$N$11,19-15)="","",INDEX(Invoice!$N$2:$N$11,19-15)) | E19: =IF(19<=25,IF(INDEX(Invoice!$O$2:$O$11,19-15)="","",INDEX(Invoice!$O$2:$O$11,19-15)),IF(D19="","",IF(D19="Sales tax rate",TEXT(Invoice!$Q$2,"0.00%"),INDEX(Invoice!$A$2:$T$2,MATCH(D19,Invoice!$A$1:$T$1,0)))))
A20: =IF(INDEX(Invoice!$L$2:$L$11,20-15)="","",INDEX(Invoice!$L$2:$L$11,20-15)) | C20: =IF(INDEX(Invoice!$M$2:$M$11,20-15)="","",INDEX(Invoice!$M$2:$M$11,20-15)) | D20: =IF(INDEX(Invoice!$N$2:$N$11,20-15)="","",INDEX(Invoice!$N$2:$N$11,20-15)) | E20: =IF(20<=25,IF(INDEX(Invoice!$O$2:$O$11,20-15)="","",INDEX(Invoice!$O$2:$O$11,20-15)),IF(D20="","",IF(D20="Sales tax rate",TEXT(Invoice!$Q$2,"0.00%"),INDEX(Invoice!$A$2:$T$2,MATCH(D20,Invoice!$A$1:$T$1,0)))))
A21: =IF(INDEX(Invoice!$L$2:$L$11,21-15)="","",INDEX(Invoice!$L$2:$L$11,21-15)) | C21: =IF(INDEX(Invoice!$M$2:$M$11,21-15)="","",INDEX(Invoice!$M$2:$M$11,21-15)) | D21: =IF(INDEX(Invoice!$N$2:$N$11,21-15)="","",INDEX(Invoice!$N$2:$N$11,21-15)) | E21: =IF(21<=25,IF(INDEX(Invoice!$O$2:$O$11,21-15)="","",INDEX(Invoice!$O$2:$O$11,21-15)),IF(D21="","",IF(D21="Sales tax rate",TEXT(Invoice!$Q$2,"0.00%"),INDEX(Invoice!$A$2:$T$2,MATCH(D21,Invoice!$A$1:$T$1,0)))))
A22: =IF(INDEX(Invoice!$L$2:$L$11,22-15)="","",INDEX(Invoice!$L$2:$L$11,22-15)) | C22: =IF(INDEX(Invoice!$M$2:$M$11,22-15)="","",INDEX(Invoice!$M$2:$M$11,22-15)) | D22: =IF(INDEX(Invoice!$N$2:$N$11,22-15)="","",INDEX(Invoice!$N$2:$N$11,22-15)) | E22: =IF(22<=25,IF(INDEX(Invoice!$O$2:$O$11,22-15)="","",INDEX(Invoice!$O$2:$O$11,22-15)),IF(D22="","",IF(D22="Sales tax rate",TEXT(Invoice!$Q$2,"0.00%"),INDEX(Invoice!$A$2:$T$2,MATCH(D22,Invoice!$A$1:$T$1,0)))))
A23: =IF(INDEX(Invoice!$L$2:$L$11,23-15)="","",INDEX(Invoice!$L$2:$L$11,23-15)) | C23: =IF(INDEX(Invoice!$M$2:$M$11,23-15)="","",INDEX(Invoice!$M$2:$M$11,23-15)) | D23: =IF(INDEX(Invoice!$N$2:$N$11,23-15)="","",INDEX(Invoice!$N$2:$N$11,23-15)) | E23: =IF(23<=25,IF(INDEX(Invoice!$O$2:$O$11,23-15)="","",INDEX(Invoice!$O$2:$O$11,23-15)),IF(D23="","",IF(D23="Sales tax rate",TEXT(Invoice!$Q$2,"0.00%"),INDEX(Invoice!$A$2:$T$2,MATCH(D23,Invoice!$A$1:$T$1,0)))))
A24: =IF(INDEX(Invoice!$L$2:$L$11,24-15)="","",INDEX(Invoice!$L$2:$L$11,24-15)) | C24: =IF(INDEX(Invoice!$M$2:$M$11,24-15)="","",INDEX(Invoice!$M$2:$M$11,24-15)) | D24: =IF(INDEX(Invoice!$N$2:$N$11,24-15)="","",INDEX(Invoice!$N$2:$N$11,24-15)) | E24: =IF(24<=25,IF(INDEX(Invoice!$O$2:$O$11,24-15)="","",INDEX(Invoice!$O$2:$O$11,24-15)),IF(D24="","",IF(D24="Sales tax rate",TEXT(Invoice!$Q$2,"0.00%"),INDEX(Invoice!$A$2:$T$2,MATCH(D24,Invoice!$A$1:$T$1,0)))))
A25: =IF(INDEX(Invoice!$L$2:$L$11,25-15)="","",INDEX(Invoice!$L$2:$L$11,25-15)) | C25: =IF(INDEX(Invoice!$M$2:$M$11,25-15)="","",INDEX(Invoice!$M$2:$M$11,25-15)) | D25: =IF(INDEX(Invoice!$N$2:$N$11,25-15)="","",INDEX(Invoice!$N$2:$N$11,25-15)) | E25: =IF(25<=25,IF(INDEX(Invoice!$O$2:$O$11,25-15)="","",INDEX(Invoice!$O$2:$O$11,25-15)),IF(D25="","",IF(D25="Sales tax rate",TEXT(Invoice!$Q$2,"0.00%"),INDEX(Invoice!$A$2:$T$2,MATCH(D25,Invoice!$A$1:$T$1,0)))))
E26: =IF(26<=25,IF(INDEX(Invoice!$O$2:$O$11,26-15)="","",INDEX(Invoice!$O$2:$O$11,26-15)),IF(D26="","",IF(D26="Sales tax rate",TEXT(Invoice!$Q$2,"0.00%"),INDEX(Invoice!$A$2:$T$2,MATCH(D26,Invoice!$A$1:$T$1,0)))))
D27: Subtotal | E27: =IF(27<=25,IF(INDEX(Invoice!$O$2:$O$11,27-15)="","",INDEX(Invoice!$O$2:$O$11,27-15)),IF(D27="","",IF(D27="Sales tax rate",TEXT(Invoice!$Q$2,"0.00%"),INDEX(Invoice!$A$2:$T$2,MATCH(D27,Invoice!$A$1:$T$1,0)))))
D28: Sales tax rate | E28: =IF(28<=25,IF(INDEX(Invoice!$O$2:$O$11,28-15)="","",INDEX(Invoice!$O$2:$O$11,28-15)),IF(D28="","",IF(D28="Sales tax rate",TEXT(Invoice!$Q$2,"0.00%"),INDEX(Invoice!$A$2:$T$2,MATCH(D28,Invoice!$A$1:$T$1,0)))))
D29: Sales tax | E29: =IF(29<=25,IF(INDEX(Invoice!$O$2:$O$11,29-15)="","",INDEX(Invoice!$O$2:$O$11,29-15)),IF(D29="","",IF(D29="Sales tax rate",TEXT(Invoice!$Q$2,"0.00%"),INDEX(Invoice!$A$2:$T$2,MATCH(D29,Invoice!$A$1:$T$1,0)))))
D30: Total due | E30: =IF(30<=25,IF(INDEX(Invoice!$O$2:$O$11,30-15)="","",INDEX(Invoice!$O$2:$O$11,30-15)),IF(D30="","",IF(D30="Sales tax rate",TEXT(Invoice!$Q$2,"0.00%"),INDEX(Invoice!$A$2:$T$2,MATCH(D30,Invoice!$A$1:$T$1,0)))))

Sheet Instructions
A1: Step | B1: What to do
A2: 1 | B2: Type in the Invoice sheet only. Row 2 holds your details, the client, the invoice details and line item 1; rows 3-11 hold line items 2-10.
A3: 2 | B3: Type in columns A-N, Q and T. Columns O (Amount), P (Subtotal), R (Sales tax) and S (Total due) hold formulas: do not type over them.
A4: 3 | B4: Amount = Quantity x Rate, rounded to cents. A line without a quantity or a rate stays blank.
A5: 4 | B5: Subtotal (P2) adds the Amount column. Sales tax (R2) = Subtotal x Sales tax rate (Q2), rounded to cents. Total due (S2) = Subtotal + Sales tax.
A6: 5 | B6: Enter 0% in Sales tax rate (Q2) when you charge no sales tax.
A7: 6 | B7: Replace every sample value, then print the Print view sheet or save it as a PDF to send. Print view fills itself from the Invoice sheet.
